 Dungeon Crawl Stone Soup version 0.29.1-13-g9f3cf754e1 (webtiles) character file.

Game seed: 10939453762390963565

192 protoss039 the Digger (level 5, -2/39 HPs)
             Began as a Demonspawn Earth Elementalist on Feb 9, 2023.
             Slain by a kobold brigand
             ... wielding a +0 dagger
              (4 damage)
             ... in a sewer.
             The game lasted 00:06:15 (2693 turns).

protoss039 the Digger (DsEE)                        Turns: 2693, Time: 00:06:16

Health: -2/39      AC:  3    Str:  8    XL:     5   Next: 42%
Magic:  4/9        EV: 12    Int: 19    God:
Gold:   140        SH:  0    Dex: 13    Spells: 4/10 levels left

rFire   . . .      SeeInvis .   t - +2 whip (drain)
rCold   . . .      Faith    .   (no shield)
rNeg    . . .      Spirit   .   a - +0 robe
rPois   .          Reflect  .   (no helmet)
rElec   .          Harm     .   r - +0 cloak
rCorr   .          Rampage  .   (no gloves)
Will    .....                   (no boots)
Stlth   ++........              (no amulet)
HPRegen 0.13/turn               (no ring)
MPRegen 0.22/turn               (no ring)

@: very slightly contaminated
A: claws 1, powered by pain 1, magic regeneration
a: no special abilities


You were in a sewer.
You visited 1 branch of the dungeon, and saw 3 of its levels.
You also visited: Sewer.

You collected 140 gold pieces.

Inventory:

Hand Weapons
 t - a +2 whip of draining (weapon)
Armour
 a - a +0 robe (worn)
 r - a +0 cloak (worn)
Magical Staves
 s - a staff of cold
Jewellery
 g - a ring of ice
Scrolls
 f - 3 scrolls of magic mapping
 j - 2 scrolls of blinking {unknown}
 k - a scroll of summoning {unknown}
 l - 7 scrolls of identify {unknown}
 p - 2 scrolls of enchant weapon {unknown}
 q - a scroll of silence {unknown}
Potions
 b - a potion of magic
 d - 3 potions of might {unknown}
 e - a potion of cancellation {unknown}
 h - a potion of curing {unknown}
 i - 2 potions of resistance {unknown}
 m - 3 potions of degeneration {unknown}
 n - a potion of berserk rage {unknown}
 o - 2 potions of haste {unknown}


   Skills:
 + Level 2.7 Fighting
 - Level 2.0 Dodging
 - Level 2.0 Stealth
 + Level 3.3 Spellcasting
 - Level 1.0 Transmutations
 + Level 3.8 Earth Magic


You had 4 spell levels left.
You knew the following spells:

 Your Spells              Type           Power      Damage    Failure   Level
a - Sandblast             Erth           34%        2d9       3%          1
b - Passwall              Tmut/Erth      10%        N/A       9%          2
c - Stone Arrow           Conj/Erth      20%        3d8       21%         3

Your spell library contained the following spells:

 Spells                   Type           Power      Damage    Failure   Level
 Magic Dart               Conj           12%        1d3       16%         1
 Searing Ray              Conj           6%         2d4       22%         2
 Petrify                  Tmut/Erth      12%        N/A       47%         4
 Fulminant Prism          Conj/Hex       1%         3d6       83%         4


Dungeon Overview and Level Annotations

Branches:
Dungeon (3/15) Zot: 15519   Sewer (1/1) Zot: 5719

Altars:
Nemelex Xobeh

Shops:
D:1 (


Innate Abilities, Weirdness & Mutations

You have sharp fingernails.
You sometimes gain a little power by taking damage.
You regenerate magic rapidly.


Message History

You kill the ball python!
The kobold brigand closely misses you.
The kobold brigand hits you with a +0 dagger.
The kobold brigand misses you.
The kobold brigand hits you with a +0 dagger.
Unknown command.
Casting: Sandblast (safe; 3% risk of failure)
Confirm with . or Enter, or press ? or * to list all spells.
Aiming: Sandblast (safe; 3% risk of failure)
Press: ? - help, Shift-Dir - straight line, f/p - kobold brigand
Aim: a kobold brigand, wielding a +0 dagger and quivering poisoned darts (severely wounded, 77% to hit)
You miscast Sandblast.
You are very lightly contaminated with residual magic.
Nothing appears to happen.
The kobold brigand hits you with a +0 dagger.
The kobold brigand barely misses you.
Unknown command.
Casting: Sandblast (safe; 3% risk of failure)
Confirm with . or Enter, or press ? or * to list all spells.
Aiming: Sandblast (safe; 3% risk of failure)
Press: ? - help, Shift-Dir - straight line, f/p - kobold brigand
Aim: a kobold brigand, wielding a +0 dagger and quivering poisoned darts (severely wounded, 77% to hit)
The blast of sand misses the kobold brigand.
The kobold brigand hits you with a +0 dagger!
* * * LOW HITPOINT WARNING * * *
The kobold brigand hits you but does no damage.
Casting: Sandblast (safe; 3% risk of failure)
Confirm with . or Enter, or press ? or * to list all spells.
Aiming: Sandblast (safe; 3% risk of failure)
Press: ? - help, Shift-Dir - straight line, f/p - kobold brigand
Aim: a kobold brigand, wielding a +0 dagger and quivering poisoned darts (severely wounded, 77% to hit)
The blast of sand hits the kobold brigand!
The kobold brigand is almost dead.
The kobold brigand hits you with a +0 dagger.
* * * LOW HITPOINT WARNING * * *
The kobold brigand hits you with a +0 dagger.
* * * LOW HITPOINT WARNING * * *
The kobold brigand barely misses you.
The kobold brigand hits you with a +0 dagger.
You die...

...~#~#~.
#~~~~~...
##...~~#
##.~~...#
#...~~###
#.SP########
#.P.~~~~~~~~
#...########
#...K@....###
#...K∩∩.P.P.#
##≈≈....#~#.P#
#≈≈≈≈≈.# # #
##≈≈≈≈≈#
##≈≈≈≈# ###≈≈#
#≈## ##


You could see 2 kobold brigands.

Vanquished Creatures
  An orc wizard (D:3)
  A gnoll (D:3)
  9 adders
  A river rat (Sewer)
  3 worms
  2 dart slugs
  3 orcs (D:3)
  3 endoplasms
  2 giant cockroaches
  6 goblins
  5 hobgoblins
  A quokka (D:3)
  6 ball pythons
  2 bats (D:2)
  3 frilled lizards
  6 kobolds
  9 rats
63 creatures vanquished.

Vanquished Creatures (others)
  3 plants (Sewer)
3 creatures vanquished.

Grand Total: 66 creatures vanquished

Notes
Turn   | Place    | Note
-------+----------+-------------------------------------------
     0 | D:1      | protoss039 the Demonspawn Earth Elementalist began the
                  | quest for the Orb.
     0 | D:1      | Reached XP level 1. HP: 13/13 MP: 3/3
   120 | D:1      | Reached skill level 1 in Transmutations
   164 | D:1      | Gained mutation: You have sharp fingernails. [demonic
                  | ancestry]
   164 | D:1      | Reached XP level 2. HP: 20/20 MP: 5/5
   568 | D:1      | Found Zeth's Weapon Emporium.
   578 | D:1      | Reached skill level 1 in Fighting
   792 | D:1      | Learned a level 2 spell: Passwall
   853 | D:2      | Gained mutation: You regenerate magic rapidly. [demonic
                  | ancestry]
   853 | D:2      | Reached XP level 3. HP: 24/26 MP: 2/6
  1002 | D:2      | Found a faded altar of an unknown god.
  1403 | D:2      | Reached XP level 4. HP: 33/33 MP: 4/8
  2146 | D:3      | Found a sparkling altar of Nemelex Xobeh.
  2281 | D:3      | Gained mutation: You sometimes gain a little power by
                  | taking damage. [demonic ancestry]
  2281 | D:3      | Reached XP level 5. HP: 12/38 MP: 5/9
  2393 | D:3      | Learned a level 3 spell: Stone Arrow
  2411 | D:3      | Found a glowing drain.
  2421 | Sewer    | Entered a sewer
  2693 | Sewer    | Slain by a kobold brigand

Illustrated notes

Levels and vault maps discovered:
D:1:      lightli_arrival_boilingwater, layout_rooms, serial_shops,
          nicolae_square_shop
D:2:      minmay_chambers_of_twos, layout_basic,
          chequers_ecumenical_altar_simple
D:3:      layout_rooms, lemuel_round_altar, gup_sewer_entry_bubbles,
          minmay_misc_feat_x, hangedman_feature_mirror
Sewer:    sewer_co_scattered_pipes

Skill      XL: |  1  2  3  4 |
---------------+-------------+-----
Transmutations | 1 |  1.0
Dodging        | 2 |  2.0
Stealth        | 2 |  2.0
Fighting       | 1 2 |  2.7
Earth Magic    | 3 |  3.8
Spellcasting   | 3 |  3.3

Action                   |  1- 3 |  4- 6 || total
-------------------------+-------+-------++-------
Melee: Short sword       |    33 |     9 ||    42
       Whip              |       |     7 ||     7
 Cast: Sandblast         |    31 |    65 ||    96
       Stone Arrow       |       |     1 ||     1
  Use: Scroll            |       |     1 ||     1
 Stab: Sleeping          |     1 |       ||     1
Armor: Robe              |     8 |    12 ||    20
Dodge: Dodged            |    18 |    54 ||    72
